 Dungeon Crawl Stone Soup version 0.18.1-48-g4cf74bf (webtiles) character file.

718 Wardy2 the Cleaver (level 7, -1/67 HPs)
             Began as a Hill Orc Fighter on July 31, 2016.
             Was an Initiate of Qazlal.
             Slain by an ogre
             ... wielding a +0 giant spiked club
              (20 damage)
             ... on level 4 of the Dungeon.
             The game lasted 00:09:53 (3914 turns).

Wardy2 the Cleaver (Hill Orc Fighter)               Turns: 3914, Time: 00:09:54

Health: -1/67      AC: 11    Str: 26    XL:     7   Next: 70%
Magic:  7/7        EV:  4    Int:  8    God:    Qazlal [......]
Gold:   161        SH:  9    Dex: 10    Spells: 0 memorised, 6 levels left

rFire  . . .     SeeInvis .     a - +0 war axe
rCold  . . .     Gourm    .     b - +0 plate armour (curse)
rNeg   . . .     Faith    .     c - +0 shield
rPois  .         Spirit   .     (no helmet)
rElec  .         Dismiss  .     (no cloak)
rCorr  .         Reflect  .     (no gloves)
SustAt .         Harm     .     (no boots)
MR     .....                    (no amulet)
Stlth  ..........               (no ring)
                                u - ring of flight

@: mighty, not resistant to hostile enchantments, extremely unstealthy
A: no striking features
a: Renounce Religion, Evoke Flight


You were on level 4 of the Dungeon.
You worshipped Qazlal.
Qazlal was noncommittal.
You were not hungry.

You visited 2 branches of the dungeon, and saw 6 of its levels.

You collected 161 gold pieces.

Inventory:

Hand Weapons
 a - a +0 war axe (weapon)
Armour
 b - a cursed +0 plate armour (worn)
 c - a +0 shield (worn)
 v - a +0 plate armour
Jewellery
 q - an uncursed ring of see invisible {unknown}
 u - a ring of flight (left hand)
Wands
 e - a wand of iceblast (4/15)
 x - a wand of teleportation (3/9)
 y - a wand of polymorph (20/24)
Scrolls
 h - 4 scrolls of remove curse
 i - 4 scrolls of recharging {unknown}
 p - a scroll of fear {unknown}
 r - a scroll of magic mapping {unknown}
 t - a scroll of blinking {unknown}
 w - 3 scrolls of identify
Potions
 g - 2 potions of flight {unknown}
 j - a potion of beneficial mutation {unknown}
 l - 2 potions of agility {unknown}
 m - a potion of mutation {unknown}
 n - a potion of haste {unknown}
 o - a potion of degeneration {unknown}
 s - a potion of berserk rage {unknown}
 z - a potion of magic {unknown}
Comestibles
 f - 3 bread rations
 k - a meat ration


   Skills:
 + Level 7.6 Fighting
 - Level 8.3 Axes
 - Level 3.2 Armour
 - Level 3.2 Shields


You had 6 spell levels left.
You didn't know any spells.

Dungeon Overview and Level Annotations

Branches:
Dungeon (5/15)             Temple (1/1) D:4

Altars:
Dithmenos
Elyvilon
Fedhas
Kikubaaqudgha
Nemelex Xobeh
Pakellas
Qazlal
Vehumet
Yredelemnul
Zin
The Shining One


Message History

You slash the worker ant!
You kill the worker ant!
Qazlal accepts your kill.
HP restored.
Found a stone staircase leading down.
An ogre comes into view. It is wielding a giant spiked club.
The ogre hits you with a giant spiked club!!
You hit the ogre.
The ogre is lightly wounded.
The ogre hits you with a giant spiked club!
A phantom comes into view.
Drink which item? (? for menu, Esc to quit)
You feel very mighty all of a sudden.
The ogre hits you with a giant spiked club!
* * * LOW HITPOINT WARNING * * *
The phantom blinks!
You slice the ogre!!
The ogre is severely wounded.
The ogre hits you with a giant spiked club!!
You die...

#.#......... #.#..######
#..# #.#..#########..
#.#....#....##..
#.##...#.##.##..
#.........#.##.##
..........#.##.. .#ยง
####...#.##.##.####.....
#.......#.##..@O......
#..#.#..#....###..#.#.
...........#.......#...
###.....#.###..##...#..
###...#.. ...##...#..
#.#.######.##...#(
###.....
#........####### ..### #
. #.......##.....# #'##
.## #.......##.....#


You could see an ogre.

Vanquished Creatures
  An ice beast (D:4)
  Blork the orc (D:4)
  A howler monkey (D:4)
  A giant frog zombie (D:5)
  2 hounds (D:4)
  3 giant frog skeletons (D:4)
  An orc priest (D:4)
  An iguana (D:4)
  4 orc wizards
  A worker ant (D:4)
  3 gnolls (D:2)
  7 adders
  A giant gecko (D:1)
  8 orcs
  5 giant cockroaches
  3 goblins
  5 hobgoblins
  6 jackals
  2 quokkas
  4 bats
  3 giant newts (D:3)
  8 kobolds
  4 rats
75 creatures vanquished.

Notes
Turn   | Place    | Note
--------------------------------------------------------------
     0 | D:1      | Wardy2 the Hill Orc Fighter began the quest for the Orb.
     0 | D:1      | Reached XP level 1. HP: 19/19 MP: 1/1
    77 | D:1      | Reached skill level 3 in Axes
   202 | D:1      | Reached XP level 2. HP: 23/26 MP: 2/2
   468 | D:1      | Reached skill level 4 in Axes
   992 | D:2      | Reached XP level 3. HP: 13/31 MP: 3/3
  1393 | D:2      | Reached skill level 5 in Axes
  1483 | D:2      | Found a blossoming altar of Fedhas.
  1592 | D:2      | Reached XP level 4. HP: 30/39 MP: 4/4
  1718 | D:2      | Reached skill level 6 in Axes
  2448 | D:3      | Reached XP level 5. HP: 45/45 MP: 5/5
  2542 | D:3      | Reached skill level 7 in Axes
  2813 | D:3      | Found a faded altar to an unknown god.
  3085 | D:4      | Noticed Blork the orc
  3097 | D:4      | Killed Blork the orc
  3097 | D:4      | Reached skill level 8 in Axes
  3097 | D:4      | Reached XP level 6. HP: 48/51 MP: 6/6
  3103 | D:4      | Found a staircase to the Ecumenical Temple.
  3112 | Temple   | Entered the Ecumenical Temple
  3146 | Temple   | Became a worshipper of Qazlal Stormbringer
  3383 | D:4      | Noticed an ice beast
  3431 | D:4      | Killed an ice beast
  3431 | D:4      | Reached skill level 5 in Fighting
  3503 | D:4      | Reached XP level 7. HP: 61/61 MP: 7/7
  3557 | D:5      | Entered Level 5 of the Dungeon
  3914 | D:4      | Slain by an ogre

Skill      XL: |  1  2  3  4  5  6  7 |
---------------+----------------------+-----
Axes           | 3 4 5 6 8 |  8.3
Fighting       | 5 7 |  7.6
Armour         | |  3.2
Shields        | |  3.2

Action                   |  1- 3 |  4- 6 |  7- 9 || total
-------------------------+-------+-------+-------++-------
Melee: War axe           |    89 |   208 |    75 ||   372
  Use: Scroll            |       |     2 |       ||     2
       Potion            |       |       |     1 ||     1
  Eat: Chunk             |     2 |     5 |       ||     7
       Meat ration       |       |     1 |       ||     1
Armor: Scale mail        |    33 |     9 |       ||    42
       Plate armour      |       |   109 |    45 ||   154
       Chain mail        |       |    11 |       ||    11
Dodge: Dodged            |    28 |    30 |     8 ||    66
Block: Shield            |    48 |    93 |    40 ||   181
